 Seeded DCSS version 0.29.1-13-g9f3cf754e1 (webtiles) character file.

Game seed: 15238952690031473578 (custom seed)

23 GigaChad the Shield-Bearer (level 2, -2/27 HPs)
             Began as a Minotaur Fighter on Jan 19, 2023.
             Slain by Terence
             ... wielding a +0 flail
              (6 damage)
             ... on level 2 of the Dungeon.
             The game lasted 00:00:51 (809 turns).

GigaChad the Shield-Bearer (Minotaur Fighter)        Turns: 809, Time: 00:00:52

Health: -2/27      AC:  7    Str: 20    XL:     2   Next: 75%
Magic:  1/1        EV:  9    Int:  5    God:
Gold:   41         SH:  4    Dex:  9    Spells: 1/1 levels left

rFire   . . .      SeeInvis .   a - +0 war axe
rCold   . . .      Faith    .   c - +0 buckler
rNeg    . . .      Spirit   .   b - +0 scale mail
rPois   .          Reflect  .   (helmet restricted)
rElec   .          Harm     .   (no cloak)
rCorr   .          Rampage  .   (no gloves)
Will    .....                   (no boots)
Stlth   ..........              (no amulet)
HPRegen 0.09/turn               (no ring)
MPRegen 0.07/turn               (no ring)

@: no status effects
A: horns 2, retaliatory headbutt
a: no special abilities


You were on level 2 of the Dungeon.
You visited 1 branch of the dungeon, and saw 2 of its levels.

You collected 41 gold pieces.

Inventory:

Hand Weapons
 a - a +0 war axe (weapon)
Missiles
 k - a throwing net (quivered)
Armour
 b - a +0 scale mail (worn)
 c - a +0 buckler (worn)
Jewellery
 h - a ring of magical power
 j - a ring of poison resistance
Potions
 d - a potion of might
 f - 2 potions of haste {unknown}
 i - a potion of curing


   Skills:
 + Level 4.0 Fighting
 + Level 2.4 Axes
 + Level 3.9 Armour
 + Level 0.2 Dodging
 + Level 4.3 Shields


You had one spell level left.
You didn't know any spells.
Your spell library was empty.

Dungeon Overview and Level Annotations

Branches:
Dungeon (2/15)

Altars:

Annotations:
D:2 Terence


Innate Abilities, Weirdness & Mutations

You have a pair of horns on your head.
You reflexively headbutt those who attack you in melee.


Message History

You hear a shout! x2; You hear an angry hiss. x2
As you read the scroll labelled FISO COSINAI, it crumbles to dust.
It is a scroll of identify.
i - a potion of curing An adder comes into view.
An adder is nearby!
An adder is nearby!
Terence the Incautious comes into view.
He is wielding a +0 flail.
The adder barely misses you.
You slash the adder!
You kill the adder!
Your Shields skill increases to level 4!
You see here an adder corpse.
An adder comes into view.
The adder hisses angrily.
Terence closely misses you.
You barely miss Terence. Terence barely misses you.
Terence hits you with a +0 flail!
You hit Terence. Your headbutt misses Terence.
Terence is moderately wounded.
Terence hits you with a +0 flail!
You barely miss Terence.
Terence is moderately wounded.
Terence hits you but does no damage. The adder closely misses you.
You block Terence's attack.
You hit Terence.
Terence is heavily wounded.
You miss the adder. The adder bites you but does no damage.
Terence hits you with a +0 flail.
* * * LOW HITPOINT WARNING * * *
The adder bites you but does no damage.
You closely miss Terence.
Terence is heavily wounded.
You miss the adder. The adder barely misses you. Terence barely misses you.
You block the adder's attack. You block Terence's attack.
You slash Terence! Your headbutt misses Terence.
Terence is almost dead.
You hit the adder. The adder bites you but does no damage.
Terence hits you with a +0 flail.
You die...

#.# #......#.#
#.#.####.###.#
#.#..........#
#.####...#####
#.# #.### #.#
##.# #.# #..#
#†###.##
#@....#
#@S#### #..#
#... #...$
.....# ###...#
.....


You could see Terence and an adder.

Vanquished Creatures
  An adder (D:2)
  A giant cockroach (D:1)
  3 goblins (D:1)
  A hobgoblin (D:1)
  2 kobolds (D:1)
  2 quokkas
  A frilled lizard (D:1)
  A rat (D:1)
12 creatures vanquished.

Notes
Turn   | Place    | Note
-------+----------+-------------------------------------------
     0 | D:1      | GigaChad the Minotaur Fighter began the quest for the Orb.
     0 | D:1      | Reached XP level 1. HP: 19/19 MP: 0/0
   411 | D:1      | Found a faded altar of an unknown god.
   451 | D:1      | Reached XP level 2. HP: 27/27 MP: 1/1
   799 | D:2      | Noticed Terence
   809 | D:2      | Slain by Terence

Illustrated notes

Levels and vault maps discovered:
D:1:      evilmike_arrival_fibonacci_small, layout_loops_ring,
          ebering_ecumenical_altar_rust
D:2:      layout_basic, uniq_terence

Skill      XL: |  1  2 |
---------------+-------+-----
Fighting       | 4 |  4.0
Shields        | 4 |  4.3
Axes           | |  2.4
Armour         | |  3.9
Dodging        | |  0.2

Action                   || total
-------------------------++-------
Melee: War axe           ||    32
  Use: Scroll            ||     2
Armor: Scale mail        ||    17
Dodge: Dodged            ||    16
Block: Buckler           ||     6
